 Dungeon Crawl Stone Soup version 0.31-a0-198-g2ad674f65e (webtiles) character file.

Game seed: 2694134734942365681

130 qw the Skirmisher (level 4, -3/25 HPs)
             Began as a Deep Elf Hunter on June 25, 2023.
             Succumbed to a water moccasin's poison
             ... on level 2 of the Dungeon.
             The game lasted 00:00:37 (1626 turns).

qw the Skirmisher (Deep Elf Hunter)                 Turns: 1626, Time: 00:00:37

Health: -3/25      AC:  5    Str: 10    XL:     4   Next: 90%
Magic:  6/6        EV: 11    Int: 14    God:
Gold:   148        SH:  0    Dex: 18    Spells: 3/3 levels left

rFire   . . .        Y - +0 shortbow (heavy)
rCold   . . .        (shield currently unavailable)
rNeg    . . .        f - +0 ring mail
rPois   .            (no helmet)
rElec   .            (no cloak)
rCorr   .            (no gloves)
SInv    .            (no boots)
Will    .....        (no amulet)
Stlth   +            (no ring)
HPRegen 0.24/turn    (no ring)
MPRegen 0.10/turn

%: no passive effects
@: lethally poisoned (-3 -> -22)
A: no striking features
a: no special abilities


You were on level 2 of the Dungeon.
You visited 1 branch of the dungeon, and saw 3 of its levels.

You collected 148 gold pieces.


   Skills:
 - Level 1.5 Fighting
 + Level 8.3 Ranged Weapons
 - Level 2.4 Dodging
 - Level 1.2 Stealth


You had 3 spell levels left.
You didn't know any spells.
Your spell library was empty.

Inventory:

Hand Weapons
 Y - a +0 heavy shortbow (weapon)
Armour
 f - a +0 ring mail (worn)
Scrolls
 a - a scroll of identify
Potions
 b - a potion of resistance {unknown}
 d - a potion of cancellation {unknown}
 h - a potion of attraction {unknown}

Dungeon Overview and Level Annotations

Branches:
Dungeon (3/15)

Altars:

Annotations:
D:2 1 runed translucent door, Crazy Yiuf


Message History

There are monsters nearby!
Waypoint 2 assigned to D:3.
You shoot an arrow. The arrow hits the hobgoblin!
You kill the hobgoblin!
The goblin shouts!
You shoot an arrow.
The arrow closely misses the water moccasin.
The water moccasin closely misses you.
A goblin comes into view. It is wielding a +0 dagger.
You shoot an arrow.
The arrow hits the water moccasin but does no damage.
The water moccasin closely misses you. The goblin hits you with a +0 dagger.
The water moccasin bites you but does no damage.
You shoot an arrow.
The arrow hits the water moccasin but does no damage.
The water moccasin bites you. The goblin hits you but does no damage.
The water moccasin bites you.
You are lethally poisoned!
The water moccasin poisons you! The goblin misses you.
The water moccasin barely misses you.
1624 ||| STAIRDANCE You feel very sick.
The water moccasin bites you.
You are more poisoned.
The water moccasin poisons you! The goblin hits you but does no damage.
You climb upwards.
Level annotation: 1 runed translucent door, Crazy Yiuf You feel extremely sick.
There is a stone staircase leading down here.
Enter note:
Enter note:
Enter note:
Enter note:
Enter note:
Enter note:
Enter note:
Enter note:
Enter note: You shoot an arrow.
The arrow closely misses the water moccasin.
You die...

######.# #<.....# #.....#..##
#.# ##.....####.....#..# # #.#
#.:...............# #
###.####.#########....##.#
####.........### #...#####.#
........##.#...# ##.### #.#
####.#..##.#.#.###..# #.#
........##.#.#.g#..###### #.#
...<....##.#.##.@S......###+####
.....##........########........#
.#.......###.#.# #........#
.............#.# #........#
.#......######.# ######.###.####
.###.#### #.# #......# #.# .#
#.# #.# #.#...## #.#### .#
#.##### #.# #.#.### #.##.#
.###.....#####.###.#.######.##.#


You could see a water moccasin and a goblin.

Vanquished Creatures
  Jessica (D:2)
  A scorpion zombie (D:2)
  A hound skeleton (D:2)
  An adder (D:2)
  2 adder skeletons (D:2)
  2 adder zombies (D:2)
  A worm (D:2)
  A dart slug (D:1)
  5 bats
  2 bat zombies (D:2)
  2 endoplasms (D:2)
  6 hobgoblins
  4 jackals (D:2)
  2 kobolds (D:1)
  3 ball pythons (D:1)
  A ball python skeleton (D:2)
  A ball python zombie (D:2)
  A frilled lizard (D:1)
  A goblin (D:1)
  A jackal skeleton (D:2)
  4 rats
43 creatures vanquished.

Notes
Turn   | Place    | Note
-------+----------+-------------------------------------------
     0 | D:1      | qw the Deep Elf Hunter began the quest for the Orb.
     0 | D:1      | Reached XP level 1. HP: 12/12 MP: 3/3
     0 | D:1      | 0 ||| qw: Version: 0.3-a-22-g0ed2b0b
     0 | D:1      | 0 ||| qw: Game counter: 5080
     0 | D:1      | 0 ||| qw: Melee chars always use a shield: true
     0 | D:1      | 0 ||| qw: God list: Okawaru
     0 | D:1      | 0 ||| qw: Allow faded altars: false
     0 | D:1      | 0 ||| qw: Do Orc after clearing Dungeon:15 true
     0 | D:1      | 0 ||| qw: Do second Lair branch before Depths: true
     0 | D:1      | 0 ||| qw: Lair rune preference: random
     0 | D:1      | 0 ||| qw: Goals: Normal
     0 | D:1      | 0 ||| PLANNING D:1-11
   260 | D:1      | Reached XP level 2. HP: 16/16 MP: 4/4
   288 | D:1      | Reached skill level 6 in Ranged Weapons
   588 | D:1      | 588 ||| UPGRADING to +0 ring mail.
   598 | D:1      | 598 ||| DROPPING +0 leather armour.
   599 | D:1      | 599 ||| DROPPING +6 ring of intelligence.
   600 | D:1      | 600 ||| READING scroll labelled ONOMIFRURUC.
   601 | D:1      | 601 ||| READING scroll labelled HYSTEO VEOROAPN.
   602 | D:1      | 602 ||| READING scroll labelled RYDAMOJIRI.
   603 | D:1      | 603 ||| DROPPING scroll of butterflies.
   642 | D:2      | Reached XP level 3. HP: 7/20 MP: 5/5
   811 | D:2      | Reached skill level 7 in Ranged Weapons
   868 | D:2      | Found a runed translucent door.
   869 | D:2      | Noticed Crazy Yiuf
   998 | D:2      | HP: 5/20 [constriction (1)]
  1000 | D:2      | HP: 2/20 [scorpion zombie (1)]
  1004 | D:2      | Reached XP level 4. HP: 2/25 MP: 6/6
  1236 | D:2      | Noticed Jessica
  1244 | D:2      | Killed Jessica
  1245 | D:2      | Reached skill level 8 in Ranged Weapons
  1589 | D:2      | 1589 ||| READING scroll labelled GAXUWIUBECS.
  1619 | D:3      | Noticed a water moccasin
  1624 | D:3      | 1624 ||| STAIRDANCE
  1625 | D:2      | HP: 3/25 [poisoned by a water moccasin]
  1626 | D:2      | Succumbed to a water moccasin's poison

Levels and vault maps discovered:
D:1:      amcnicky_arrival_underground_garden, layout_basic
D:2:      layout_basic, serial_undead, serial_undead_b, serial_undead_d,
          serial_undead_e, serial_undead_c, serial_undead_c, serial_undead_a,
          serial_undead_a, minivault_24, grunt_decor_resistance, uniq_jessica,
          uniq_crazy_yiuf_cottage
D:3:      layout_basic, gammafunk_temple_overflow_statue,
          ebering_ghost_rock_garden, nicolae_half_adder

Skill      XL: |  1  2  3  4 |
---------------+-------------+-----
Ranged Weapons | 6 7 8 |  8.3
Fighting       | |  1.5
Dodging        | |  2.4
Stealth        | |  1.2

Action                     |  1- 3 |  4- 6 || total
---------------------------+-------+-------++-------
   Fire: Shortbow          |   102 |    51 ||   153
    Use: Scroll            |     3 |     1 ||     4
 Armour: Leather armour    |     3 |       ||     3
         Ring mail         |    11 |    13 ||    24
  Dodge: Dodged            |    32 |    27 ||    59

Table legend:
 A = Non-vault XP
 B = Vault XP
 C = Vault XP percentage of total XP
 D = Non-vault monster count
 E = Vault monster count
 F = Vault count percentage of total count
                 A         B        C        D         E       F
            +---------+---------+-------+---------+---------+-------
      Total |      67 |     120 |  64.2 |      31 |      12 |  27.9
            +---------+---------+-------+---------+---------+-------
        D:1 |      32 |       0 |   0.0 |      19 |       0 |   0.0
        D:2 |      33 |     120 |  78.4 |      11 |      12 |  52.2
        D:3 |       2 |       0 |   0.0 |       1 |       0 |   0.0
            +---------+---------+-------+---------+---------+-------
